 Dungeon Crawl Stone Soup version 0.19-a0-1886-gd64a0f0 (webtiles) character file.

1326 PurpleRed the Destroyer (level 8, -8/36 HPs)
             Began as a Kobold Conjurer on Oct 15, 2016.
             Was a Follower of Vehumet.
             Shot with an arrow by a centaur (12 damage)
             ... on level 6 of the Dungeon.
             The game lasted 00:21:11 (2477 turns).

PurpleRed the Destroyer (Kobold Conjurer)           Turns: 2477, Time: 00:21:12

Health: -8/36      AC:  2    Str:  6      XL:     8   Next: 91%
Magic:  12/17      EV: 15    Int: 18      God:    Vehumet [*.....]
Gold:   209        SH:  0    Dex: 14 (15) Spells: 4 memorised, 7 levels left

rFire  . . .     SeeInvis .     a - +2 dagger (venom)
rCold  . . .     Gourm    .     i - +0 robe
rNeg   . . .     Faith    .     (shield restricted)
rPois  .         Spirit   .     (no helmet)
rElec  .         Dismiss  .     (no cloak)
rCorr  .         Reflect  .     (no gloves)
MR     .....     Harm     .     (no boots)
Stlth  ++........               (no amulet)
                                (no ring)
                                (no ring)

@: no status effects
A: carnivore 3, deterioration 1, frail 1
a: Renounce Religion


You were on level 6 of the Dungeon.
You worshipped Vehumet.
Vehumet was aware of your devotion.
You were very full.

You visited 2 branches of the dungeon, and saw 7 of its levels.

You collected 209 gold pieces.

Inventory:

Hand Weapons
 a - a +2 dagger of venom (weapon)
Missiles
 m - a throwing net (quivered)
 r - 3 curare-tipped needles
 s - 11 poisoned needles
Armour
 i - a +0 robe (worn)
Magical Staves
 e - an uncursed staff of death
Jewellery
 o - an uncursed ring of fire
Wands
 j - a wand of confusion (31/48)
 q - a wand of lightning (11/15)
 t - a wand of iceblast (0/15)
 u - a wand of digging (5/24)
 w - a wand of lightning (8/15)
 x - a wand of acid (8/15)
Scrolls
 h - 2 scrolls of remove curse
 v - a scroll of teleportation
 y - 3 scrolls of recharging
Potions
 d - a potion of agility
 g - a potion of flight {unknown}
 k - a potion of lignification {unknown}
Books
 b - a book of Conjurations

   Spells                             Type                      Level
   a - Magic Dart                     Conjuration                  1
   b - Searing Ray                    Conjuration                  2
   c - Dazzling Spray                 Conjuration/Hexes            3
   d - Fulminant Prism                Conjuration/Hexes            4
   e - Iskenderun's Mystic Blast      Conjuration                  4
   f - Iskenderun's Battlesphere      Conjuration/Charms           5
 f - a book of Maledictions

   Spells                             Type                      Level
   a - Corona                         Hexes                        1
   b - Ensorcelled Hibernation        Hexes/Ice                    2
   c - Confuse                        Hexes                        3
   d - Tukima's Dance                 Hexes                        3
   e - Dazzling Spray                 Conjuration/Hexes            3
Comestibles
 c - 2 meat rations
 l - a beef jerky
 n - a slice of pizza
 p - a royal jelly


   Skills:
 - Level 2.4 Dodging
 - Level 2.6 Stealth
 + Level 6.1 Spellcasting
 * Level 8.2 Conjurations
 + Level 3.5 Charms


You had 7 spell levels left.
You knew the following spells:

 Your Spells              Type           Power        Failure   Level  Hunger
a - Magic Dart            Conj           ####         1%          1    None
b - Searing Ray           Conj           #####.       1%          2    None
c - Iskenderun's Mystic   Conj           #####...     4%          4    ####...
d - Iskenderun's Battles  Conj/Chrm      ####....     34%         5    #####..


Dungeon Overview and Level Annotations

Branches:
Dungeon (6/15)             Temple (1/1) D:4

Altars:
Ashenzari
Cheibriados
Elyvilon
Fedhas
Hepliaklqana
Okawaru
Ru
Trog
Uskayaw
Vehumet
Xom


Innate Abilities, Weirdness & Mutations

You are small and have problems with some larger weapons.
You are carnivorous and can eat meat at any time.
Your body sometimes deteriorates upon taking damage.
You are frail. (-10% HP)


Message History

The iceblast engulfs the bullfrog skeleton.
The bullfrog skeleton partially resists.
You destroy the bullfrog skeleton!
Vehumet accepts your kill.
Evoking this partially-identified wand wasted a few charges.
You now have 209 gold pieces (gained 10).
Found a worn gold wand.
v - a scroll of teleportation
Found 3 scrolls of recharging.
Found a stone staircase leading down.
x - a wand of acid
Found a chain mail.
y - 3 scrolls of recharging A centaur comes into view.
The centaur shouts!
The centaur wields a shortbow.
The centaur shoots an arrow.
The arrow hits you!
* * * LOW HITPOINT WARNING * * *
You see here an arrow.
The centaur shoots an arrow.
The arrow hits you!
You die...

#. ...# #..# #.## #
...##..# #..# ## .c.#..#
#..######. .....#
#..##...<
#....#######........ ..#
#....##...##..#####. ...#
#...##......## #. ....##
#@.##.....## ##
.....##(.##......##
#............^...## .
##................## ..
##................# ...
##....#...........##
....###...##............##
.........###.............#
..........##..............


You could see a centaur.

Vanquished Creatures
  Grinder (D:6)
  An ice beast (D:6)
  A sky beast (D:6)
  An ogre (D:5)
  A bullfrog (D:6)
  2 scorpions (D:5)
  A howler monkey (D:5)
  A bullfrog zombie (D:6)
  A crimson imp (D:5)
  A jelly (D:6)
  2 hounds
  3 bullfrog skeletons
  An orc wizard (D:4)
  A centaur skeleton (D:4)
  An iguana (D:5)
  3 orc priests
  A worker ant (D:5)
  A worker ant zombie (D:5)
  8 gnolls
  4 adders
  A shadow imp (D:6)
  4 oozes
  A worm (D:4)
  2 leopard geckos
  22 orcs
  2 giant cockroaches (D:4)
  5 goblins
  5 hobgoblins
  4 jackals (D:5)
  2 quokkas (D:5)
  A frilled lizard (D:1)
  A jackal skeleton (D:6)
  3 kobolds (D:1)
  A rat (D:2)
90 creatures vanquished.

Vanquished Creatures (others)
  An orc (D:4)
1 creature vanquished.

Grand Total: 91 creatures vanquished

Notes
Turn   | Place    | Note
-------+----------+-------------------------------------------
     0 | D:1      | PurpleRed the Kobold Conjurer began the quest for the Orb.
     0 | D:1      | Reached XP level 1. HP: 10/10 MP: 3/3
    64 | D:1      | Reached XP level 2. HP: 15/15 MP: 0/5
   154 | D:1      | Learned a level 2 spell: Searing Ray
   347 | D:2      | Reached XP level 3. HP: 19/19 MP: 3/7
   518 | D:3      | Reached XP level 4. HP: 12/24 MP: 3/9
   527 | D:3      | Learned a level 4 spell: Iskenderun's Mystic Blast
   644 | D:5      | Entered Level 5 of the Dungeon
   646 | D:5      | Reached skill level 5 in Conjurations
   646 | D:5      | Reached XP level 5. HP: 23/28 MP: 5/11
   662 | D:4      | Learned a level 5 spell: Iskenderun's Battlesphere
   760 | D:4      | Reached XP level 6. HP: 16/32 MP: 3/12
   797 | D:4      | Reached skill level 1 in Charms
   902 | D:4      | Found a staircase to the Ecumenical Temple.
   919 | Temple   | Entered the Ecumenical Temple
   978 | Temple   | Became a worshipper of Vehumet
  1323 | D:4      | Reached skill level 6 in Conjurations
  1356 | D:6      | Noticed Grinder
  1483 | D:5      | Reached XP level 7. HP: 16/36 MP: 6/13
  1824 | D:5      | Reached skill level 5 in Spellcasting
  1870 | D:5      | Reached skill level 7 in Conjurations
  1941 | D:5      | Reached * piety under Vehumet
  1941 | D:5      | Offered knowledge of Shock by Vehumet.
  2111 | D:6      | Reached XP level 8. HP: 41/41 MP: 11/15
  2248 | D:6      | Gained mutation: Your body sometimes deteriorates upon taking damage. [mutagenic meat]
  2251 | D:6      | Gained mutation: You are frail. (-10% HP) [mutagenic meat]
  2384 | D:6      | Killed Grinder
  2384 | D:6      | Reached skill level 8 in Conjurations
  2477 | D:6      | Shot with an arrow by a centaur

Vault maps used:
D:1:      onia_arrival_pyramid, minmay_cut_off
D:3:      grunt_temple_overflow_holy_war, grunt_temple_overflow_open,
          ecumenical_altar_2
D:4:      first_bread
D:6:      grunt_ministairs_15, uniq_pikel, uniq_grinder
Temple:   minmay_temple_curvy_loop

Skill      XL: |  1  2  3  4  5  6  7  8 |
---------------+-------------------------+-----
Spellcasting   | 3 4 5 6 |  6.1
Conjurations   | 5 6 7 8 |  8.2
Charms         | 1 2 3 |  3.5
Dodging        | |  2.4
Stealth        | |  2.6

Action                   |  1- 3 |  4- 6 |  7- 9 || total
-------------------------+-------+-------+-------++-------
Melee: Dagger            |    12 |     8 |    27 ||    47
       Whip              |    12 |       |       ||    12
 Cast: Magic Dart        |    19 |    17 |    13 ||    49
       Searing Ray       |     3 |    16 |    26 ||    45
       Iskenderun's Myst |       |     1 |       ||     1
Evoke: Wand              |       |       |     6 ||     6
  Use: Scroll            |       |     4 |     5 ||     9
       Potion            |       |     3 |       ||     3
 Stab: Sleeping          |     2 |     1 |     1 ||     4
  Eat: Chunk             |     4 |     7 |     4 ||    15
Armor: Robe              |     2 |     1 |     5 ||     8
Dodge: Dodged            |    17 |    20 |    64 ||   101
